 Dungeon Crawl Stone Soup version 0.27-a0-637-g3a9f0a9c12 (webtiles) character file.

Game seed: 14569206219355002457

172 kreisler the Covert (level 5, 0/34 HPs)
             Began as an Octopode Brigand on Mar 15, 2021.
             Succumbed to an adder's poison
             ... in a sewer.
             The game lasted 00:13:20 (2488 turns).

kreisler the Covert (Octopode Brigand)              Turns: 2488, Time: 00:13:20

Health: 0/34       AC:  1    Str: 12    XL:     5   Next: 53%
Magic:  5/5        EV: 10    Int: 13    God:
Gold:   62         SH:  0    Dex: 13    Spells: 4/4 levels left

rFire    . . .     SeeInvis .   a - +2 dagger
rCold    . . .     Faith    .   (no shield)
rNeg     . . .     Spirit   .   (helmet restricted)
rPois    .         Reflect  .   (no amulet)
rElec    .         Harm     .   (no ring)
rCorr    .         Rampage  .   (no ring)
Will     .....                  (no ring)
Stlth    ++++++....             (no ring)
HPRegen  0.11/turn              (no ring)
MPRegen  0.09/turn              (no ring)
                                (no ring)
                                (no ring)

@: lethally poisoned (0 -> -4), constricted
A: almost no armour, amphibious, 8 rings, camouflage 1, gelatinous body 1,
nimble swimmer 1, tentacles
a: no special abilities


You were in a sewer.
You visited 1 branch of the dungeon, and saw 3 of its levels.
You also visited: Sewer.

You collected 62 gold pieces.

Inventory:

Hand Weapons
 a - a +2 dagger (weapon)
 q - a +0 falchion
Missiles
 b - 7 poisoned darts (quivered)
 c - 2 curare-tipped darts
 e - 7 atropa-tipped darts
Jewellery
 f - an amulet of faith
 h - a ring of protection from fire
Wands
 m - a wand of iceblast (10)
Scrolls
 i - a scroll of fear
 k - a scroll of amnesia
 o - 3 scrolls of teleportation {unknown}
 r - a scroll of fog {unknown}
 s - a scroll of magic mapping {unknown}
Potions
 d - a potion of resistance
 j - 3 potions of magic {unknown}
 l - a potion of curing {unknown}
 n - a potion of berserk rage {unknown}
 p - 2 potions of heal wounds {unknown}


   Skills:
 + Level 2.3 Fighting
 + Level 3.1 Short Blades
 + Level 2.0 Throwing
 + Level 1.6 Dodging
 + Level 8.0 Stealth


You had 4 spell levels left.
You didn't know any spells.
Your spell library was empty.

Dungeon Overview and Level Annotations

Branches:
Dungeon (4/15)              Sewer (1/1)
 Temple: D:4-7

Altars:


Innate Abilities, Weirdness & Mutations

You cannot wear most types of armour.
You are amphibious.
You can wear up to eight rings at the same time.
Your skin changes colour to match your surroundings (Stealth+).
Your rubbery body absorbs attacks. (AC +1, EV +1)
You are stealthy while swimming. (Stealth+)
You have tentacles for arms and can constrict up to eight enemies at once.


Message History

The ball python barely misses you. The adder barely misses you.
You hit the adder. You grab the adder. You squeeze the adder.
The adder is moderately wounded.
You constrict the adder. The adder closely misses you.
The ball python barely misses you. The ball python constricts you.
The adder closely misses you.
You escape the ball python's grasp.
You release your grip on the adder.
The adder closely misses you. The bullfrog hits you. The adder misses you.
You hit the bullfrog. You grab the bullfrog.
The bullfrog is lightly wounded.
You constrict the bullfrog. The bullfrog hits you!
The adder closely misses you. The adder bites you.
You hit the bullfrog. You squeeze the bullfrog.
The bullfrog is heavily wounded.
You constrict the bullfrog. The bullfrog closely misses you.
The adder bites you.
You are poisoned.
The adder poisons you! The bullfrog barely misses you.
The adder closely misses you. The adder barely misses you. x2
The bullfrog hits you.
As you read the scroll labelled FULOUP KAOJITHRE, it crumbles to dust.
It is a scroll of identify.
k - a scroll of amnesia You constrict the bullfrog.
You feel sick. The bullfrog hits you.
* * * LOW HITPOINT WARNING * * *
The adder bites you.
* * * LOW HITPOINT WARNING * * *
The adder barely misses you. The adder bites you but does no damage.
The bullfrog misses you. The bullfrog hits you.
* * * LOW HITPOINT WARNING * * *
The adder bites you.
* * * LOW HITPOINT WARNING * * *
The ball python misses you. The ball python grabs you.
The ball python constricts you. The adder misses you.
As you read the scroll labelled CAIWUEMPONIRR, it crumbles to dust.
You assume a fearsome visage.
The ball python looks frightened!
The adder looks frightened! x2; The ball python looks frightened! x3
The adder looks frightened! x2; The bullfrog looks frightened! x2
It was a scroll of fear.
You constrict the bullfrog.
You die...

≈≈≈≈≈#
#≈≈≈≈≈≈#
.≈≈≈≈#
#≈≈≈≈†≈#
...≈≈#
#≈≈≈#≈≈#
..≈.≈#
#≈≈≈≈.≈#
≈≈≈≈≈#
#≈≈≈≈.≈#
≈≈≈≈≈#
#≈≈≈≈≈≈#
≈≈≈≈≈#
#≈≈≈≈#≈#
≈≈≈≈≈#
#≈≈≈SS≈#
≈≈≈≈≈#
#≈≈SF@S#
≈≈≈≈≈#
#≈≈≈SSF#
≈≈≈≈≈#
#≈≈≈≈SS#
≈.≈≈.#
#.≈≈≈≈##
.....#
#......
....##
#......
....#
+......#
...##
##....##
..##
######


You could see 2 bullfrogs, 4 adders and 4 ball pythons.

Vanquished Creatures
  3 adders
  4 river rats
  An ooze (Sewer)
  An adder skeleton (D:4)
  4 dart slugs
  2 leopard geckos (D:1)
  4 orcs (D:4)
  6 bats
  4 giant cockroaches
  7 hobgoblins
  7 jackals
  A quokka (D:4)
  9 ball pythons (Sewer)
  3 frilled lizards
  4 goblins
  6 kobolds
  A leopard gecko skeleton (D:4)
  32 rats
99 creatures vanquished.

Notes
Turn   | Place    | Note
-------+----------+-------------------------------------------
     0 | D:1      | kreisler the Octopode Brigand began the quest for the Orb.
     0 | D:1      | Reached XP level 1. HP: 14/14 MP: 1/1
    75 | D:1      | Reached XP level 2. HP: 12/19 MP: 2/2
   202 | D:1      | Reached skill level 6 in Stealth
   478 | D:1      | Reached XP level 3. HP: 24/24 MP: 3/3
  1054 | D:2      | Reached skill level 7 in Stealth
  1054 | D:2      | Reached XP level 4. HP: 29/29 MP: 4/4
  1456 | D:2      | You fall into a shaft and drop 2 floors!
  1857 | D:4      | Found a glowing drain.
  1861 | Sewer    | Entered a sewer
  1884 | Sewer    | Reached XP level 5. HP: 34/34 MP: 5/5
  2242 | Sewer    | Reached skill level 8 in Stealth
  2487 | Sewer    | HP: 1/34 [adder (2)]
  2488 | Sewer    | Succumbed to an adder's poison

Illustrated notes

Levels and vault maps discovered:
D:1:      kennysheep_arrival_forest, layout_basic, serial_glass,
          glass_columns_a, glass_columns_a, glass_columns_a, glass_columns_b,
          glass_columns_b, glass_columns_b, glass_columns_b, glass_columns_a,
          glass_columns_a, glass_columns_a
D:2:      layout_basic, minmay_crystal_room, uniq_natasha, uniq_sigmund
D:4:      layout_basic, nicolae_ru_path_of_blood, gup_sewer_entry_spiral,
          amcnicky_mini_pool_small, uniq_crazy_yiuf_cottage
Sewer:    sewer_minmay_w

Skill      XL: |  1  2  3  4  5 |
---------------+----------------+-----
Stealth        | 6 7 8 |  8.0
Short Blades   | 3 |  3.1
Fighting       | |  2.3
Throwing       | |  2.0
Dodging        | |  1.6

Action                   |  1- 3 |  4- 6 || total
-------------------------+-------+-------++-------
Melee: Dagger            |    62 |   115 ||   177
       Constrict         |    14 |    24 ||    38
       Tentacles         |     8 |    15 ||    23
Throw: Dart              |       |     9 ||     9
  Use: Potion            |     3 |     1 ||     4
       Scroll            |       |     2 ||     2
 Stab: Sleeping          |    16 |    14 ||    30
       Distracted        |       |     1 ||     1
Armor: Skin              |     5 |    29 ||    34
Dodge: Dodged            |    31 |    63 ||    94

Table legend: (Time is in decaauts)
 A = Elapsed time spent in this place.
 B = Non-inter-level travel time spent in this place.
 C = Inter-level travel time spent in this place.
 D = Time resting spent in this place.
 E = Time spent auto-exploring this place.
 F = Levels seen in this place.
 G = Mean time per level.
                   A        B        C        D        E       F      G
               +--------+--------+--------+--------+--------+-----+--------+
         Total |   2462 |   2413 |     49 |    161 |   1708 |   4 |  615.5 |
       Dungeon |   1847 |   1798 |     49 |      0 |   1424 |   3 |  615.7 |
         Sewer |    615 |    615 |      0 |    161 |    284 |   1 |  615.0 |
               +--------+--------+--------+--------+--------+-----+--------+

Top non-repeatable levels by time:
     D:1: 846 daAuts
   Sewer: 615 daAuts
     D:2: 599 daAuts
     D:4: 401 daAuts
